 Dungeon Crawl Stone Soup version 0.30.0-11-gf55b779eaf (webtiles) character file.

Game seed: 557318256950226628

127 tizbic2 the Grave Robber (level 5, -2/40 HPs)
             Began as a Ghoul Necromancer on May 17, 2023.
             Slain by a gnoll
             ... wielding a +3 flail
              (3 damage)
             ... on level 3 of the Dungeon.
             The game lasted 00:11:16 (2194 turns).

tizbic2 the Grave Robber (Ghoul Necromancer)        Turns: 2194, Time: 00:11:16

Health: -2/40      AC: 10    Str: 12      XL:     5   Next: 11%
Magic:  7/7        EV:  0    Int: 11 (12) God:
Gold:   47         SH:  5    Dex:  7 (9)  Spells: 4/8 levels left

rFire   . . .        q - +1 spear (flame)
rCold   + . .        r - +0 kite shield
rNeg    + + +        e - +0 plate armour
rPois   ∞            (no helmet)
rElec   .            (no cloak)
rCorr   .            (no gloves)
SInv    .            (no boots)
Will    .....        (no amulet) Stlth
                     h - ring of flight
HPRegen 0.00/turn    (no ring)
MPRegen 0.10/turn

%: no passive effects
@: flying, inhibited regen
A: claws 1, cold resistance 1, negative energy resistance 3, inhibited
regeneration, torment resistance 2, devour on kill
a: no special abilities


You were on level 3 of the Dungeon.
You visited 1 branch of the dungeon, and saw 4 of its levels.

You collected 110 gold pieces.
You spent 63 gold pieces at shops.

Inventory:

Hand Weapons
 q - a +1 spear of flaming (weapon)
 w - a +0 sling
Missiles
 d - 6 curare-tipped darts
 f - 6 poisoned darts (quivered)
Armour
 e - a +0 plate armour (worn)
 g - a +0 scale mail
 i - a +0 ring mail
 r - a +0 kite shield (worn)
Jewellery
 h - a ring of flight (left claw)
Scrolls
 k - a scroll of amnesia
 l - a scroll of poison
 m - a scroll of enchant armour {unknown}
 n - a scroll of teleportation
 u - a scroll of fear {unknown}
Potions
 a - a potion of brilliance
 b - a potion of magic
 c - 2 potions of flight
 j - a potion of attraction
 p - a potion of curing


   Skills:
 + Level 1.6 Fighting
 + Level 0.4 Polearms
 * Level 2.0 Armour
 - Level 1.7 Dodging
 - Level 2.1 Stealth
 + Level 0.3 Shields
 + Level 2.2 Spellcasting
 * Level 4.7 Necromancy
 + Level 1.1 Ice Magic


You had 4 spell levels left.
You knew the following spells:

 Your Spells              Type           Power      Damage    Failure   Level
a - Necrotise             Necr           44%        1d6       100%        1
b - Vampiric Draining     Necr           11%        2d6       100%        3

Your spell library contained the following spells:

 Spells                   Type           Power      Damage    Failure   Level
 Cigotuvi's Dreadful Rot  Necr/Pois/Air  8%         N/A       100%        2
 Animate Dead             Necr           11%        N/A       100%        4
 Iskenderun's Mystic Bla  Conj/Tloc      1%         2d3       100%        4
 Agony                    Necr           11%        N/A       100%        5
 Death Channel            Necr           5%         N/A       100%        6
 Simulacrum               Ice/Necr       3%         N/A       100%        6


Dungeon Overview and Level Annotations

Branches:
Dungeon (4/15)
 Temple: D:4-7

Altars:

Shops:
D:1 [(


Innate Abilities, Weirdness & Mutations

You are immune to poison.
You have sharp fingernails.
Your flesh is cold resistant. (rC+)
You are immune to negative energy. (rN+++)
You do not regenerate when monsters are visible.
You are immune to unholy pain and torment.
You thrive by killing the living.


Message History

You hit the gnoll. You burn the gnoll.
You kill the gnoll!
A ball python comes into view.
The hobgoblin hits you.
The ball python moves out of view.
Your Armour skill increases to level 2!
You hit the hobgoblin. You burn the hobgoblin.
The hobgoblin is almost dead.
The hobgoblin hits you.
You hit the hobgoblin. You burn the hobgoblin.
You kill the hobgoblin!
You feel better.
Throw: 7 darts (poison)
Press: ? - help, Q - select action, (/) - cycle Shift-Dir - straight line, f - gnoll
Aim: a gnoll, wielding a +3 flail (56% to hit)
You throw a poisoned dart. The poisoned dart hits the gnoll.
The gnoll is poisoned.
A gnoll comes into view. It is wielding a +0 spear.
The gnoll hits you with a +3 flail.
A gnoll comes into view. It is wielding a +0 whip.
The gnoll hits you with a +3 flail!
The gnoll shouts!
You closely miss the gnoll.
The gnoll is lightly wounded.
The gnoll hits you with a +3 flail!
* * * LOW HITPOINT WARNING * * *
Unknown command.
It was a potion of mutation.
You feel extremely strange.
Your body decomposes!
You feel dopey.
Your body decomposes!
You feel clumsy.
Your body decomposes!
You feel clumsy.
The gnoll hits you but does no damage. x2
The gnoll attacks as you move away! You block the gnoll's attack.
The gnoll attacks as you move away! The gnoll hits you with a +3 flail.
* * * LOW HITPOINT WARNING * * *
The gnoll attacks as you move away! The gnoll hits you but does no damage.
The gnoll attacks as you move away! The gnoll hits you with a +3 flail.
You die...

#########.........#
#.......#.#######.#
#.#####.#.# ##.##
#.#####.#.# ##...##
#.##......#
#.....#####
#.##.##.###
#..........
#.##.##.#
#.....###..
#.......# #.g..##
####.####
#@#.#####... #.#
#>#g.)(..... #.#
#.#g#####... #.#
#.#(. #.# #.#... #
#.# #....## ###.
#.# #..... .... #.#
#....# #. #.#####
.#.##


You could see a gnoll (poisoned).

Vanquished Creatures
  An orc wizard (D:3)
  2 adders (D:2)
  A gnoll (D:3)
  2 dart slugs
  4 orcs (D:3)
  7 ball pythons
  2 endoplasms (D:2)
  3 giant cockroaches
  9 goblins
  8 hobgoblins
  6 quokkas
  4 bats
  5 kobolds
  A rat (D:2)
55 creatures vanquished.

Vanquished Creatures (collateral kills)
  A dart slug (D:2)
  A ball python (D:2)
  A frilled lizard (D:2)
3 creatures vanquished.

Grand Total: 58 creatures vanquished

Notes
Turn   | Place    | Note
-------+----------+-------------------------------------------
     0 | D:1      | tizbic2 the Ghoul Necromancer began the quest for the Orb.
     0 | D:1      | Reached XP level 1. HP: 14/14 MP: 2/2
   156 | D:1      | Reached XP level 2. HP: 22/22 MP: 4/4
   200 | D:1      | Got the Thoughts on Evil Transposition
   292 | D:1      | Reached skill level 1 in Armour
   384 | D:1      | Found Canung's Weapon Emporium.
   495 | D:1      | Found Dazxoggowau's Armour Shoppe.
   537 | D:1      | Reached XP level 3. HP: 9/27 MP: 1/5
   538 | D:1      | Reached skill level 1 in Fighting
   777 | D:1      | Learned a level 3 spell: Vampiric Draining
  1228 | D:2      | Reached XP level 4. HP: 31/35 MP: 6/6
  1241 | D:2      | Reached skill level 1 in Ice Magic
  1652 | D:1      | Bought a +0 kite shield for 63 gold pieces
  2178 | D:3      | Reached XP level 5. HP: 38/40 MP: 7/7
  2192 | D:3      | HP: 1/40 [gnoll/+3 flail (4)]
  2194 | D:3      | Slain by a gnoll

Illustrated notes

Levels and vault maps discovered:
D:1:      amcnicky_arrival_feature_with_door, layout_basic, serial_shops, shop,
          nicolae_shop_hallway_stairs, shapermc_ecumenical_altar_mp_vishouse
D:2:      minmay_alternating_diamond, layout_loops_ring, kennysheep_donut
D:3:      layout_loops_ring
D:4:      layout_gridville, grunt_temple_overflow_open,
          biasface_ghost_orc_armoury, portal_sewer_entry_d

Skill      XL: |  1  2  3  4  5 |
---------------+----------------+-----
Spellcasting   | 2 |  2.2
Armour         | 1 2 |  2.0
Fighting       | 1 |  1.6
Ice Magic      | 1 |  1.1
Polearms       | |  0.4
Dodging        | |  1.7
Stealth        | |  2.1
Shields        | |  0.3
Necromancy     | |  4.7

Action                     |  1- 3 |  4- 6 || total
---------------------------+-------+-------++-------
  Melee: Unarmed           |    22 |       ||    22
         Dagger            |    19 |       ||    19
         Punch             |     1 |     1 ||     2
         Falchion          |    49 |       ||    49
         Mace              |    37 |    16 ||    53
         Spear             |       |    43 ||    43
   Fire: Sling             |     8 |       ||     8
  Throw: Dart              |       |     5 ||     5
   Cast: Necrotise         |    16 |     1 ||    17
         Vampiric Draining |     1 |     1 ||     2
    Use: Scroll            |     6 |     6 ||    12
         Potion            |       |     1 ||     1
   Stab: Sleeping          |       |     1 ||     1
 Armour: Robe              |    11 |       ||    11
         Scale mail        |    27 |       ||    27
         Plate armour      |     5 |    34 ||    39
         Ring mail         |    36 |     7 ||    43
  Dodge: Dodged            |    85 |    19 ||   104
  Block: Kite shield       |       |    17 ||    17
